 Dungeon Crawl Stone Soup version 0.17.0-28-g6e173f8 (webtiles) character file.

24256 4thArraOfDagon the Impaler (level 12, -2/115 HPs)
             Began as a Minotaur Berserker on Nov 26, 2015.
             Was a High Priest of Trog.
             Slain by a sixfirhy (8 damage)
             ... summoned by an orc sorcerer
             ... on level 4 of the Orcish Mines.
             The game lasted 00:25:04 (4723 turns).

4thArraOfDagon the Impaler (Minotaur Berserker)     Turns: 4723, Time: 00:25:04

Health: -2/115     AC: 19    Str: 21 (22) XL:     12   Next: 79%
Magic:  13/13      EV:  9    Int:  8      God:    Trog [*****.]
Gold:   692        SH:  0    Dex: 10 (11) Spells: 0 memorised, 11 levels left

rFire  . . .     SeeInvis .     I - +0 glaive
rCold  + . .     Clarity  .     i - +0 chain mail
rNeg   + . .     SustAt   .     (shield currently unavailable)
rPois  +         Gourm    .     (helmet restricted)
rElec  .         Spirit   .     g - +0 cloak
rCorr  .         Warding  .     F - +1 pair of gloves {rC+}
rMut   .         Stasis   .     (no boots)
MR     .....                    (no amulet)
Stlth  ..........               U - ring of poison resistance
                                j - ring of positive energy

@: lethally poisoned (-2 -> -20), exhausted, weakened, slowed, drained, very
slow, not resistant to hostile enchantments, extremely unstealthy
A: retaliatory headbutt, horns 2, rugged brown scales 1, yellow scales 1,
deterioration 1, low mp 1, mutation resistance 1
a: Berserk, Trog's Hand, Brothers in Arms, Burn Spellbooks, Renounce Religion


You were on level 4 of the Orcish Mines.
You worshipped Trog.
Trog was extremely pleased with you.
You were very hungry.

You visited 2 branches of the dungeon, and saw 19 of its levels.
You also visited: Ice Cave.

You collected 706 gold pieces.
You spent 14 gold pieces at shops.

Inventory:

Hand Weapons
 a - a +0 spear
 o - the +3 mace "Baituom" {crush, Dex+4}
   (You found it on level 8 of the Dungeon)

   It inflicts extra damage upon your enemies.
   It affects your dexterity (+4).
 w - a +0 trident
 y - a +0 halberd
 I - a +0 glaive (weapon)
Missiles
 t - 8 poisoned tomahawks (quivered)
 J - 10 curare-tipped needles
Armour
 g - a +0 cloak (worn)
 i - a +0 chain mail (worn)
 F - a +1 pair of gloves of cold resistance (worn)
 G - a +1 buckler of cold resistance
Jewellery
 j - a ring of positive energy (left hand)
 p - a +2 ring of dexterity
 Q - an uncursed ring of ice
 U - a ring of poison resistance (right hand)
Wands
 d - a wand of disintegration (19)
 f - a wand of random effects (40)
 k - a wand of polymorph (12)
 l - a wand of enslavement (11)
 L - a wand of heal wounds (2)
Scrolls
 e - a scroll of blinking {unknown}
 n - 2 scrolls of recharging {unknown}
 q - a scroll of torment {unknown}
 s - 2 scrolls of remove curse
 v - a scroll of noise {unknown}
 A - a scroll of amnesia {unknown}
 C - a scroll of magic mapping {unknown}
 H - a scroll of fear
 R - a scroll of fog {unknown}
Potions
 b - 2 potions of magic
 u - a potion of invisibility {unknown}
 z - a potion of cure mutation {unknown}
 B - 2 potions of curing
 N - 2 potions of flight
 T - 2 potions of agility {unknown}
Books
 r - a book of Ice

   Spells                             Type                      Level
   a - Ice Form                       Ice/Transmutation            4
   b - Metabolic Englaciation         Hexes/Ice                    5
   c - Ozocubu's Refrigeration        Ice                          6
   d - Bolt of Cold                   Conjuration/Ice              6
   e - Freezing Cloud                 Conjuration/Ice/Air          6
   f - Simulacrum                     Ice/Necromancy               6
   Trog disapproves of the use of such an item.
 x - a book of Frost

   Spells                             Type                      Level
   a - Freeze                         Ice                          1
   b - Throw Frost                    Conjuration/Ice              2
   c - Ozocubu's Armour               Charms/Ice                   3
   d - Throw Icicle                   Conjuration/Ice              4
   e - Summon Ice Beast               Ice/Summoning                4
   f - Condensation Shield            Ice                          4
   Trog disapproves of the use of such an item.
 D - a book of Frost

   Spells                             Type                      Level
   a - Freeze                         Ice                          1
   b - Throw Frost                    Conjuration/Ice              2
   c - Ozocubu's Armour               Charms/Ice                   3
   d - Throw Icicle                   Conjuration/Ice              4
   e - Summon Ice Beast               Ice/Summoning                4
   f - Condensation Shield            Ice                          4
   Trog disapproves of the use of such an item.
 E - a book of Frost

   Spells                             Type                      Level
   a - Freeze                         Ice                          1
   b - Throw Frost                    Conjuration/Ice              2
   c - Ozocubu's Armour               Charms/Ice                   3
   d - Throw Icicle                   Conjuration/Ice              4
   e - Summon Ice Beast               Ice/Summoning                4
   f - Condensation Shield            Ice                          4
   Trog disapproves of the use of such an item.
 K - a book of Annihilations

   Spells                             Type                      Level
   a - Poison Arrow                   Conjuration/Poison           6
   b - Chain Lightning                Conjuration/Air              8
   c - Lehudib's Crystal Spear        Conjuration/Earth            8
   d - Glaciate                       Conjuration/Ice              9
   e - Fire Storm                     Conjuration/Fire             9
   Trog disapproves of the use of such an item.
Comestibles
 c - 3 bread rations
 h - 5 fruits
 m - 6 chunks of flesh


   Skills:
 - Level 12.2(11.5) Fighting
 * Level 17.5(16.8) Polearms
 - Level 12.2(11.6) Armour
 - Level 2.1(1.7) Dodging
 - Level 5.1(4.6) Evocations


You had 11 spell levels left.
You didn't know any spells.

Dungeon Overview and Level Annotations

Branches:
Dungeon (15/15)               Orc (4/4) D:12         Vaults (0/5) D:13
 Temple: D:4-7         Lair: D:8-11         Elf: Orc:3-4     Depths: D:15

Altars:
Cheibriados
Kikubaaqudgha
Ru
The Shining One

Shops:
D:7 !   D:15 (

Annotations:
D:11 LAIR


Innate Abilities, Weirdness & Mutations

You reflexively headbutt those who attack you in melee.
You have a pair of horns on your head.
You are partially covered in rugged brown scales (AC +1, +3% HP).
You are partially covered in yellow scales (AC +2).
Your body sometimes deteriorates upon taking damage.
Your magical capacity is low (-10% MP).
You are somewhat resistant to further mutation.


Message History

Unknown command.
Unknown command.
Unknown command.
Unknown command.
Unknown command.
Unknown command.
Unknown command.
Unknown command.
Unknown command.
Unknown command.
Unknown command.
Unknown command.
You closely miss the orc sorcerer. Your headbutt misses the orc sorcerer.
The orc sorcerer is heavily wounded.
* * * LOW HITPOINT WARNING * * *
You feel very sick. The sixfirhy hits you.
* * * LOW HITPOINT WARNING * * *
The sixfirhy shocks you!
You die...

...........................
...................##......
...........................
.........................#.
#..........).............#(
#.........................#
#.........o5..))...........
.........4o3..).....#......
.........o@4..)#...........
....#....O.o.).##..........
#.............####.....#...
....#..........# ###.......
......##...).# ###.#.#.
.#.........## ######
.........##)# ....#.####.##
#.. ## ###


You could see an orange demon, a sixfirhy, a neqoxec, an orc sorcerer, an orc
warrior, an orc priest, an orc wizard, a shadow imp and a friendly ogre
(berserk).

Vanquished Creatures
  A stone giant (Orc:4)
  2 centaur warriors
  An ogre mage (D:13)
  2 orc high priests (Orc:4)
  3 orc knights (Orc:4)
  A necromancer (IceCv)
  An orc sorcerer (Orc:4)
  3 hill giants
  A cyclops (D:15)
  A manticore (D:12)
  2 ugly things (D:12)
  An ice statue (IceCv)
  A centaur zombie (D:12)
  A gargoyle (D:14)
  2 centaur skeletons
  3 yaktaurs (D:15)
  10 freezing wraiths (IceCv)
  3 two-headed ogres
  3 trolls
  A trapdoor spider (D:13)
  11 slime creatures (D:13)
  A deep elf mage (D:11)
  A wraith (D:13)
  A wyvern (D:13)
  A hippogriff (D:12)
  7 yaks
  2 death yak simulacra (IceCv)
  3 vampire mosquitoes
  A steam dragon (D:7)
  2 sky beasts
  A phantom (D:13)
  8 orc warriors
  5 ogres
  2 black bears
  10 ice beasts
  2 crocodiles (D:11)
  A centaur (D:11)
  4 giant frogs
  A scorpion (D:12)
  4 killer bees (D:9)
  A swamp dragon simulacrum (IceCv)
  A giant frog zombie (D:10)
  7 orc priests
  10 orc wizards
  6 draconian simulacra (IceCv)
  A crimson imp (D:8)
  A giant frog skeleton (D:8)
  2 jellies
  A wasp zombie (D:13)
  A gnoll shaman (D:8)
  A hound (D:8)
  4 iguanas
  2 worker ants
  5 troll simulacra (IceCv)
  A polar bear simulacrum (IceCv)
  A spriggan simulacrum (IceCv)
  2 centaur simulacra (IceCv)
  A hound skeleton (D:8)
  Robin (D:3)
  2 naga simulacra (IceCv)
  A river rat (D:11)
  2 adders
  4 gnolls (D:8)
  4 ogre simulacra (IceCv)
  4 shadow imps
  24 white imps
  An adder skeleton (D:4)
  2 giant geckos (D:8)
  74 orcs
  11 bats
  3 giant cockroaches
  A hobgoblin (D:3)
  4 jackals (D:11)
  A quokka (D:2)
  11 goblins
  2 goblin skeletons (D:8)
  2 goblin zombies (D:8)
  A kobold skeleton (D:8)
  An orc skeleton (D:8)
  3 orc zombies (D:8)
  3 rats (D:11)
321 creatures vanquished.

Vanquished Creatures (others)
  A plant (D:11)
1 creature vanquished.

Grand Total: 322 creatures vanquished

Notes
Turn   | Place    | Note
--------------------------------------------------------------
     0 | D:1      | 4thArraOfDagon the Minotaur Berserker began the quest for the Orb.
     0 | D:1      | Reached XP level 1. HP: 19/19 MP: 0/0
    34 | D:2      | Reached skill level 4 in Polearms
    34 | D:2      | Reached XP level 2. HP: 10/27 MP: 1/1
   116 | D:3      | Noticed Robin
   125 | D:3      | Killed Robin
   125 | D:3      | Reached XP level 3. HP: 18/33 MP: 2/2
   263 | D:5      | Entered Level 5 of the Dungeon
   274 | D:5      | Found a snail-covered altar of Cheibriados.
   278 | D:5      | ofc
   286 | D:6      | Reached skill level 5 in Polearms
   342 | D:7      | Found Orghaett's Distillery.
   346 | D:7      | Bought a potion of poison for 14 gold pieces
   355 | D:7      | Noticed a hill giant
   362 | D:7      | Killed a hill giant
   362 | D:7      | Reached skill level 5 in Fighting
   362 | D:7      | Reached skill level 7 in Polearms
   362 | D:7      | Reached XP level 4. HP: 42/42 MP: 3/3
   362 | D:7      | Reached XP level 5. HP: 48/48 MP: 4/4
   362 | D:7      | Reached XP level 6. HP: 56/56 MP: 5/5
   406 | D:7      | Found an ancient bone altar of Kikubaaqudgha.
   409 | D:7      | Noticed a steam dragon
   415 | D:7      | Killed a steam dragon
   415 | D:7      | Reached ** piety under Trog
   415 | D:7      | Reached skill level 5 in Armour
   415 | D:7      | Reached XP level 7. HP: 48/61 MP: 6/6
   577 | D:9      | Noticed a yak
   577 | D:9      | Noticed a yak
   577 | D:9      | Noticed a yak
   577 | D:9      | Noticed a yak
   577 | D:9      | Noticed a yak
   577 | D:9      | Noticed a yak
   587 | D:8      | Killed a yak
   587 | D:8      | Reached skill level 8 in Polearms
   636 | D:8      | rly
   644 | D:8      | Found a glowing golden altar of the Shining One.
   779 | D:8      | Reached skill level 1 in Evocations
   783 | D:8      | Reached XP level 8. HP: 71/71 MP: 7/7
   825 | D:7      | Found a sacrificial altar of Ru.
   879 | D:8      | Reached skill level 9 in Polearms
   904 | D:8      | Got a faintly glowing mace
   905 | D:8      | Identified the cursed +3 mace "Baituom" {crush, Dex+4} (You found it on level 8 of the Dungeon)
  1195 | D:9      | trashy labv
  1219 | D:10     | Entered Level 10 of the Dungeon
  1232 | D:10     | Noticed a troll
  1240 | D:10     | Killed a troll
  1298 | D:10     | Reached skill level 10 in Polearms
  1378 | D:10     | Reached *** piety under Trog
  1381 | D:10     | Reached XP level 9. HP: 79/79 MP: 10/10
  1503 | D:11     | Found a frozen archway.
  1529 | D:10     | Gained mutation: Your body sometimes deteriorates upon taking damage. [mutagenic meat]
  1530 | D:10     | Gained mutation: Your magical capacity is low (-10% MP). [mutagenic meat]
  1531 | D:10     | Gained mutation: You are partially covered in rugged brown scales (AC +1, +3% HP). [mutagenic meat]
  1532 | D:10     | Gained mutation: You are partially covered in yellow scales (AC +2). [mutagenic meat]
  1533 | D:10     | Gained mutation: You are somewhat resistant to further mutation. [mutagenic meat]
  1591 | D:11     | Noticed a two-headed ogre
  1596 | D:11     | Killed a two-headed ogre
  1596 | D:11     | Reached skill level 11 in Polearms
  1640 | D:11     | Noticed a centaur skeleton
  1649 | D:11     | Killed a centaur skeleton
  1662 | IceCv    | Entered an ice cave
  1734 | IceCv    | Reached XP level 10. HP: 92/92 MP: 11/11
  1813 | IceCv    | Reached skill level 12 in Polearms
  1876 | IceCv    | Reached skill level 5 in Evocations
  2097 | IceCv    | Found an ancient bone altar of Kikubaaqudgha.
  2243 | IceCv    | Reached skill level 13 in Polearms
  2379 | IceCv    | Noticed an ice statue
  2393 | IceCv    | Killed an ice statue
  2393 | IceCv    | Reached skill level 10 in Fighting
  2427 | IceCv    | Noticed a necromancer
  2442 | IceCv    | Killed a necromancer
  2656 | D:11     | Reached XP level 11. HP: 96/103 MP: 12/12
  2871 | D:13     | Reached **** piety under Trog
  2943 | D:13     | Noticed a centaur warrior
  2952 | D:13     | Killed a centaur warrior
  2952 | D:13     | Reached skill level 10 in Armour
  2993 | D:13     | Noticed an ogre mage
  2996 | D:13     | Reached skill level 14 in Polearms
  3006 | D:13     | Killed an ogre mage
  3015 | D:13     | Found a gate to the Vaults.
  3049 | D:14     | Noticed a hill giant
  3049 | D:14     | Noticed a seven-headed hydra
  3050 | D:14     | :(
  3075 | D:15     | Entered Level 15 of the Dungeon
  3080 | D:15     | Found Fahox's Antique Weapon Boutique.
  3086 | D:15     | :(
  3148 | D:15     | Noticed a hill giant
  3159 | D:15     | Killed a hill giant
  3201 | D:14     | Noticed a centaur warrior
  3219 | D:14     | Killed a centaur warrior
  3306 | D:14     | Reached skill level 15 in Polearms
  3355 | D:14     | Killed a hill giant
  3591 | D:13     | Reached XP level 12. HP: 114/114 MP: 13/13
  3807 | D:12     | Reached skill level 16 in Polearms
  3816 | D:12     | Noticed a hill giant
  3817 | D:12     | Noticed a fire dragon
  3817 | D:12     | a hill giant changed into a fire dragon
  3909 | D:12     | Found a staircase to the Orcish Mines.
  3933 | Orc:1    | Entered Level 1 of the Orcish Mines
  4142 | Orc:4    | Entered Level 4 of the Orcish Mines
  4151 | Orc:4    | Reached ***** piety under Trog
  4327 | Orc:4    | gimme ending
  4328 | Orc:4    | Noticed a stone giant
  4351 | Orc:4    | Killed a stone giant
  4445 | Orc:4    | backtracking ending
  4529 | Orc:4    | Paralysed by an orc sorcerer for 6 turns
  4544 | Orc:4    | Reached skill level 17 in Polearms
  4712 | Orc:4    | Paralysed by an orc sorcerer for 7 turns
  4723 | Orc:4    | Slain by a sixfirhy

Action                   |  1- 3 |  4- 6 |  7- 9 | 10-12 || total
-------------------------+-------+-------+-------+-------++-------
Melee: Spear             |    49 |     5 |   154 |       ||   208
       Trident           |       |       |    10 |       ||    10
       Halberd           |       |       |    76 |   545 ||   621
       Glaive            |       |       |       |   144 ||   144
Invok: Berserk           |     3 |     1 |    14 |    27 ||    45
       Trog's Hand       |       |       |     5 |    20 ||    25
       Brothers in Arms  |       |       |       |     1 ||     1
Evoke: Wand              |       |       |       |     3 ||     3
  Use: Scroll            |       |       |     1 |    11 ||    12
       Potion            |       |       |       |     2 ||     2
 Stab: Distracted        |     1 |       |       |       ||     1
  Eat: Chunk             |       |     2 |    22 |    27 ||    51
       Pizza             |       |       |     1 |       ||     1
       Beef jerky        |       |       |     1 |       ||     1
       Bread ration      |       |       |       |     2 ||     2
       Meat ration       |       |       |       |     2 ||     2
       Fruit             |       |       |       |     3 ||     3
